 Dungeon Crawl Stone Soup version 0.18-a0-1797-gc18daef (webtiles) character file.

42 M4edhros the Grave Robber (level 3, -2/21 HPs)
             Began as an Octopode Necromancer on Apr 22, 2016.
             Slain by a goblin
             ... wielding a +0 dagger
             ... led by Robin
              (3 damage)
             ... on level 3 of the Dungeon.
             The game lasted 00:02:04 (278 turns).

M4edhros the Grave Robber (Octopode Necromancer)     Turns: 278, Time: 00:02:05

Health: -2/21      AC:  1    Str:  7    XL:     3   Next: 54%
Magic:  3/6        EV: 12    Int: 17    God:
Gold:   44         SH:  0    Dex: 13    Spells: 1 memorised, 5 levels left

rFire  . . .     SeeInvis +       - Unarmed
rCold  . . .     Gourm    .     (no shield)
rNeg   . . .     Faith    .     (helmet restricted)
rPois  .         Spirit   .     (no amulet)
rElec  .         Dismiss  .     g - ring of see invisible
rCorr  .         Reflect  .     (no ring)
SustAt .         Harm     .     (no ring)
MR     .....                    (no ring)
Stlth  +++.......               (no ring)
                                (no ring)
                                (no ring)
                                (no ring)

@: exhausted, very slightly contaminated, slowed, very slow, not resistant to
hostile enchantments, fairly stealthy
A: almost no armour, amphibious, 8 rings, constrict 8, camouflage 1, gelatinous
body 1
a: no special abilities


You were on level 3 of the Dungeon.
You were not hungry.

You visited 1 branch of the dungeon, and saw 3 of its levels.

You collected 44 gold pieces.

Inventory:

Missiles
 k - 19 sling bullets
Jewellery
 g - a ring of see invisible (left tentacle)
Scrolls
 c - a scroll of amnesia
 h - a scroll of remove curse
Books
 a - a book of Necromancy

   Spells                             Type                      Level
   a - Pain                           Necromancy                   1
   b - Animate Skeleton               Necromancy                   1
   c - Vampiric Draining              Necromancy                   3
   d - Regeneration                   Charms/Necromancy            3
   e - Animate Dead                   Necromancy                   4
   f - Control Undead                 Necromancy                   4
Comestibles
 b - 2 bread rations
 d - a meat ration


   Skills:
 - Level 2.0 Dodging
 - Level 2.6 Stealth
 + Level 3.0 Unarmed Combat
 - Level 2.0 Spellcasting
 - Level 4.0 Necromancy


You had 5 spell levels left.
You knew the following spells:

 Your Spells              Type           Power        Failure   Level  Hunger
a - Pain                  Necr           ###.         3%          1    #......


Dungeon Overview and Level Annotations

Branches:
Dungeon (3/15)

Altars:

Annotations:
D:3 Robin; macross's ghost, weakling MiBe


Innate Abilities, Weirdness & Mutations

You cannot wear most types of armour.
You are amphibious.
You can wear up to eight rings at the same time.
You can use your tentacles to constrict eight enemies at once.
Your skin changes colour to match your surroundings (Stealth).
Your rubbery body absorbs attacks (AC +1).


Message History

Casting: Pain
Confirm with . or Enter, or press ? or * to list all spells.
Aiming: Pain
Press: ? - help, Shift-Dir - straight line, f - hobgoblin
Aim: a hobgoblin, wielding a club (unusually strong, chance to defeat MR: 92%)
The hobgoblin convulses in agony!
Unknown command.
Unknown command.
The hobgoblin no longer looks unusually strong.
The hobgoblin closely misses you.
Casting: Pain
Confirm with . or Enter, or press ? or * to list all spells.
Aiming: Pain
Press: ? - help, Shift-Dir - straight line, f/p - hobgoblin
Aim: a hobgoblin, wielding a club (moderately wounded, chance to defeat MR: 92%)
The hobgoblin convulses in agony!
You kill the hobgoblin!
The goblin no longer looks unusually strong.
The goblin hits you with a dagger.
You die...

##############
#.g.g)g.......
############
#g####.)#####
#..........# #g#
#.)...#
#.########<# #@#
#.....# ###.# #.#
#.# #...g..g
....########.###[#
#.."...#..
.................#
#>....#.#.
[...####.###.#####
....###.g. #.#.#
#.# #(# ....# ##
#.#.# #.# #.#
#.#.####.###.#
#.#......(...#


You could see Robin and 2 goblins.

Vanquished Creatures
  Ijyb (D:3)
  A giant gecko (D:2)
  A giant cockroach (D:3)
  5 goblins
  3 hobgoblins
  A giant newt (D:1)
  A kobold (D:1)
  A rat (D:1)
14 creatures vanquished.

Notes
Turn   | Place    | Note
--------------------------------------------------------------
     0 | D:1      | M4edhros the Octopode Necromancer began the quest for the Orb.
     0 | D:1      | Reached XP level 1. HP: 11/11 MP: 3/3
   136 | D:2      | Reached skill level 1 in Unarmed Combat
   169 | D:2      | Reached XP level 2. HP: 9/17 MP: 3/5
   213 | D:3      | Noticed macross's ghost (weakling MiBe)
   252 | D:3      | Noticed Ijyb
   258 | D:3      | Killed Ijyb
   258 | D:3      | Reached XP level 3. HP: 13/21 MP: 4/6
   261 | D:3      | Noticed Robin
   271 | D:3      | HP: 1/21 [goblin/club[Robin] (6)]
   278 | D:3      | Slain by a goblin

Vault maps used:
D:1:      dpeg_arrival_shelter
D:2:      fedhas_altar_4
D:3:      marbit_many_paths, uniq_robin, uniq_iyjb, uniq_sigmund

Skill      XL: |  1  2  3 |
---------------+----------+-----
Unarmed Combat | 1 2 3 |  3.0
Dodging        | |  2.0
Stealth        | |  2.6
Spellcasting   | |  2.0
Necromancy     | |  4.0

Action                   || total
-------------------------++-------
Melee: Unarmed           ||    12
       Constrict         ||     4
       Tentacles         ||     2
 Cast: Pain              ||    17
  Use: Potion            ||     2
       Scroll            ||     4
Armor: Skin              ||     1
Dodge: Dodged            ||     4
